[Event "*** Titled Tuesday Blitz"]
[Site "Chess.com"]
[Date "2018.08.07"]
[Round "10"]
[White "GadimbayliA"]
[Black "Annawel"]
[Result "1-0"]
[WhiteElo "2729"]
[BlackElo "2791"]
[TimeControl "180+2"]
[EndTime "15:22:22 PDT"]
[Termination "GadimbayliA won by checkmate"]

1. e4 c5 2. Nf3 d6 3. d4 cxd4 4. Nxd4 Nf6 5. Nc3 a6 6. g3 e5 7. Nf3 b5 8. Bg2 Bb7 9. O-O Nbd7 10. Nh4 g6 11. a3 Rc8 12. Re1 Nc5 13. Bg5 Bg7 14. Qd2 h6 15. Bxf6 Bxf6 16. Nf3 Bg7 17. Rad1 Rc6 18. Nd5 O-O 19. h4 h5 20. Ng5 Ne6 21.
c3 Bc8 22. Rf1 f6 23. Nf3 a5 24. Ne1 Nc7 25. Nc2 Kh7 26. Nce3 Bh6 27. Qd3 Ba6 28. b4 Qd7 29. f4 Nxd5 30. Nxd5 exf4 31.
gxf4 Qg7 32. Bh3 Rc4 33. Ne3 Rc6 34. Bg2 Rfc8 35. Nd5 Rc4 36. Nb6 Rxc3 37. Qxd6 R8c7 38. Nd5 R3c6 39. Qd8 Ra7 40. Qe8 Rc8 41. Qe6 Rf8 42.
Rc1 axb4 43. axb4 Qf7 44. Qb6 Bg7 45. e5 Bc8 46. Rxc8 Rxc8 47. e6 Qe8 48. Qxa7 Qxe6 49. f5 gxf5 50. Nf4 Qd6 51. Qf7 Rc7 52. Qxh5+ Kg8 53.
Bd5+ Kf8 54. Ne6+ Ke7 55. Nxc7 Qg3+ 56. Bg2 Qxc7 57. Qe2+ Kf8 58. Re1 Kg8 59. Qe8+ Bf8 60. Qg6+ Kh8 61. Qh5+ Kg7 62. Qxf5 Bxb4 63. Qg4+ Kh6 64.
Qxb4 Qb6+ 65. Kh1 Qf2 66. Rf1 Qb6 67. Qf4+ Kh5 68. Qf5+ Kxh4 69. Rf4+ Kg3 70. Qg4# 1-0

[Event "*** Titled Tuesday Blitz"]
[Site "Chess.com"]
[Date "2018.08.07"]
[Round "10"]
[White "Angry_Twin"]
[Black "platy3"]
[Result "1/2-1/2"]
[WhiteElo "2654"]
[BlackElo "2757"]
[TimeControl "180+2"]
[EndTime "15:22:23 PDT"]
[Termination "Game drawn by stalemate"]

1. e4 c5 2. Nf3 e6 3. d4 cxd4 4. Nxd4 Nc6 5. Nc3 Qc7 6. Be3 a6 7. Qf3 Nf6 8. O-O-O Ne5 9. Qg3 b5 10. f4 Neg4 11. Bg1 h5 12. e5 b4 13. Na4 Nd5 14. h3 Nh6 15. Bd3 Bb7 16. Be4 Rc8 17. f5 Be7 18. Kb1 Nc3+ 19. bxc3 Bxe4 20. Qxg7 Rg8 21.
Qxh6 bxc3 22. Qe3 exf5 23. Rh2 Qc4 24. Nb6 Rb8 25. Nb3 Qb4 26. Rxd7 Rxb6 27. Rxe7+ Kxe7 28. Qxb6 Qxb6 29. Bxb6 Bxg2 30. Bd4 f4 31. Bxc3 f3 32. Bd4 Rd8 33. Kb2 Ke6 34. Kc3 Kf5 35. Nd2 Kf4 36. Bf2 Kxe5 37. a4 f5 38. a5 Rc8+ 39. Kd3 Rd8+ 40.
Kc3 Rc8+ 41. Kb2 Kf4 42. c4 Re8 43. Kc3 Re2 44. Bh4 Ke3 45. Nxf3 Kxf3 46. c5 Re4 47. Bd8 Kg3 48. c6 Re6 49. Bc7+ Kf3 50. Kd4 Rxc6 51. Be5 Re6 52. Kd5 Rxe5+ 53. Kxe5 Kg3 54. Rxg2+ Kxg2 55. Kxf5 Kxh3 56. Kf4 Kh4 57. Kf3 Kg5 58. Kg3 Kf5 59. Kh4 Ke5 60. Kxh5 Kd5 61. Kg4 Kc5 62. Kf3 Kb5 63. Ke2 Kxa5 64. Kd1 Kb4 65. Kc1 Ka3 66. Kb1 a5 67. Ka1 a4 68. Kb1 Kb3 69. Ka1 a3 70.
Kb1 a2+ 71. Ka1 Ka3 1/2-1/2

[Event "*** Titled Tuesday Blitz"]
[Site "Chess.com"]
[Date "2018.08.07"]
[Round "10"]
[White "Passacaglia23"]
[Black "LucaBrasi1968"]
[Result "1/2-1/2"]
[WhiteElo "2267"]
[BlackElo "2465"]
[TimeControl "180+2"]
[EndTime "15:22:39 PDT"]
[Termination "Game drawn by repetition"]

1. d4 f5 2. c4 Nf6 3. g3 e6 4. Bg2 d5 5. Nh3 c6 6. O-O Be7 7. Nc3 O-O 8. b3 Ne4 9. Bb2 Nd7 10. f3 Nxc3 11. Bxc3 Nf6 12. Re1 c5 13. e3 Bd6 14.
dxc5 Bxc5 15. b4 Bd6 16. Qb3 dxc4 17. Qxc4 Qe7 18. e4 fxe4 19. fxe4 Bc7 20. Bd4 Bb6 21. e5 Nd5 22. Bxb6 axb6 23. Bxd5 exd5 24. Qxd5+ Be6 25. Qg2 Qxb4 26. Nf4 Bf5 27. Nd5 Qc5+ 28. Kh1 Rae8 29. Rac1 Qa5 30. Qb2 Bg4 31. Nf4 Kh8 32. h3 Bf3+ 33.
Kh2 Bc6 34. e6 Qg5 35. Re5 Qf6 36. Rce1 g5 37. Ng2 Kg8 38. Qe2 h6 39. Qe3 Qf2 40. Re2 Qf6 41. h4 gxh4 42. Nxh4 Kh8 43. Ng2 Rg8 44.
Rh5 Rg6 45. Nf4 Rg5 46. Rxg5 Qxg5 47. e7 Kg8 48. Qe6+ Kh8 49. Ng6+ Kh7 50. Nf8+ Kh8 51. Re3 Qh5+ 52. Kg1 Qd1+ 53. Kf2 Qd2+ 54. Re2 Qd4+ 55.
Re3 Qd2+ 56. Re2 Qd4+ 57. Ke1 Qa1+ 58. Kd2 Qb2+ 59. Ke1 Qc1+ 60. Kf2 Qc5+ 61. Re3 Qc2+ 62.
Re2 Qc5+ 63. Ke1 Qb4+ 64. Kf2 Qd4+ 65. Ke1 Qc3+ 66. Kf2 Qd4+ 67. Ke1 Qb4+ 68. Kf2 Qc5+ 69. Ke1 Qg1+ 70. Kd2 Qd4+ 71. Ke1 Qc3+ 72. Kf2 Qc5+ 73. Ke1 Qc3+ 74. Kf2 Qd4+ 1/2-1/2

[Event "*** Titled Tuesday Blitz"]
[Site "Chess.com"]
[Date "2018.08.07"]
[Round "10"]
[White "yoolund"]
[Black "thegreendog"]
[Result "1-0"]
[WhiteElo "2522"]
[BlackElo "2350"]
[TimeControl "180+2"]
[EndTime "15:22:44 PDT"]
[Termination "yoolund won by resignation"]

1. b3 e5 2. Bb2 Nc6 3. e3 Nf6 4. Nf3 Bd6 5. Nc3 a6 6. d4 exd4 7. Nxd4 O-O 8. Be2 Nxd4 9. Qxd4 Re8 10. O-O-O Qe7 11. Nd5 Qe5 12. Nxf6+ gxf6 13. Qg4+ Qg5 14. Bxf6 Ba3+ 15. Kd2 Qg6 16. Qxg6+ hxg6 17. h4 Re6 18.
Bc3 d5 19. h5 g5 20. h6 f6 21. Ke1 Rc6 22. h7+ Kh8 23. Rxd5 Bh3 24. Rxh3 Rxc3 25. Bd3 Bd6 26. Rf5 Rf8 27. Rhf3 Be7 28. Rd5 Bd6 29. Kd2 Rc5 30. Rxc5 Bxc5 31. Rf5 Bd6 32. Rd5 Kg7 33. g4 Re8 34. c4 b6 35. Kc3 a5 36. Rf5 Be5+ 37.
Kc2 Bd6 38. Rf3 Rd8 39. Rh3 Bc5 40. Rh5 Rh8 41. Rh1 Rd8 42. Kd2 Re8 43. Ke2 Bd6 44. Bf5 Bc5 45. Rd1 Bd6 46. Rd5 Rh8 47. a3 Kh6 48. a4 Rf8 49. Kd3 Rh8 50. Ke4 Re8+ 51. Kd3 Rh8 52. Rd4 Re8 53. Rd5 Rh8 54. Ke2 Re8 55. Rd1 Kg7 56. Rh1 Rh8 57. Kd3 Re8 58. Kd4 Rh8 59. Kd5 Re8 60. Kc6 Rh8 61. Rd1 Rd8 62.
Kb7 Rh8 63. Kc6 Rd8 64. f4 gxf4 65. exf4 Re8 66. g5 fxg5 67. fxg5 Re5 68. Rf1 Be7 69. g6 Bd6 70. Bb1 Re7 71. Rf8 1-0

[Event "*** Titled Tuesday Blitz"]
[Site "Chess.com"]
[Date "2018.08.07"]
[Round "10"]
[White "Mikhail_Golubev"]
[Black "Slovak_fighter2000"]
[Result "1-0"]
[WhiteElo "2457"]
[BlackElo "2399"]
[TimeControl "180+2"]
[EndTime "15:22:54 PDT"]
[Termination "Mikhail_Golubev won by resignation"]

1. e4 e6 2. d4 d5 3. Nc3 Nf6 4. Bg5 Be7 5. e5 Nfd7 6. h4 h6 7. Bxe7 Qxe7 8. Qg4 O-O 9. f4 c5 10. dxc5 f6 11. exf6 Qxf6 12. Nh3 Nxc5 13. O-O-O Nc6 14. Qe2 b6 15. g4 Ba6 16. Qg2 Bxf1 17. Rhxf1 Qxh4 18. g5 hxg5 19. Nxg5 Rxf4 20. Rh1 Rg4 21. Rxh4 Rxg2 22. Rdh1 Rxg5 23. Rh8+ Kf7 24. Rxa8 Rg2 25. Rf1+ Ke7 26. a3 Nd4 27. Rxa7+ Kd6 28. Kb1 Nxc2 29. Rff7 d4 30. Rxg7 Rxg7 31. Rxg7 Nxa3+ 32. bxa3 dxc3 33. Kc2 Ne4 34. Kd3 Ke5 35. Rh7 c2 36. Rh5+ Kd6 37.
Kxc2 Nc5 38. Kc3 Kc6 39. Kb4 Nd3+ 40. Kc4 Nc5 41. Rh6 Kd6 42. Kb5 Nd7 43. Rh1 e5 44. Rd1+ Kc7 45. Rc1+ Kd6 46. Rc6+ Kd5 47. Rc1 Kd6 48.
Rd1+ Kc7 49. Rd2 Nc5 50. Rd5 e4 51. Re5 Kd6 52. Re8 Nd7 53. Rxe4 Kc7 54. Re7 Kd6 55. Rh7 Kc7 56. Rg7 Kd6 57. Rh7 Kc7 58. a4 Kd6 59.
Rh6+ Kc7 60. Rc6+ Kb7 61. Rc1 Nf6 62. Rd1 Kc7 63. Rg1 Nd7 64. Rg7 Kd6 65. Rg6+ Kc7 66. Rh6 Kb7 67. Rc6 Kb8 68. Ka6 Nc5+ 69. Kxb6 Nxa4+ 70. Kb5 Nb2 71. Rd6 Kc7 72. Rd2 1-0

[Event "*** Titled Tuesday Blitz"]
[Site "Chess.com"]
[Date "2018.08.07"]
[Round "10"]
[White "Korchmar_Vasiliy"]
[Black "gena217"]
[Result "1-0"]
[WhiteElo "2646"]
[BlackElo "2727"]
[TimeControl "180+2"]
[EndTime "15:23:07 PDT"]
[Termination "Korchmar_Vasiliy won by resignation"]

1. d4 Nf6 2. Nf3 e6 3. Bf4 d5 4.
e3 c5 5. Nbd2 Nc6 6. c3 Bd6 7. Bg3 O-O 8. Bd3 b6 9. Qe2 Bb7 10. Rd1 Re8 11. e4 Be7 12. e5 Nh5 13. a3 f5 14. exf6 Bxf6 15. Ne5 g6 16. Ndf3 cxd4 17.
cxd4 Rc8 18. O-O Nxg3 19. hxg3 Bg7 20. Rfe1 Rc7 21. Bb5 Ree7 22. Bxc6 Bxc6 23. Qe3 Ba4 24. Rc1 Qe8 25. b3 Bb5 26. g4 h6 27. g5 h5 28. Nh4 Bxe5 29. Qxe5 Rxc1 30. Rxc1 Bd3 31. Rc3 Be4 32. f3 Bf5 33. Kh2 Qd8 34. b4 Rf7 35. f4 Qe8 36. Rc7 Be4 37. Rc1 Rd7 38.
b5 Rg7 39. a4 Kh7 40. Kg3 Qe7 41. Rc6 Qa3+ 42. Kh2 Qe3 43. Rc7 Rxc7 44. Qxc7+ Kg8 45.
Qb8+ Kg7 46. Qxa7+ Kg8 47. Qb8+ Kh7 48. Qc7+ Kg8 49. Qd8+ Kg7 50. Qf6+ Kh7 51. Qf7+ Kh8 52. a5 Qf2 53. Qf6+ Kh7 54. Qf7+ Kh8 55. Qf8+ Kh7 56. Nxg6 Kxg6 57. Qf6+ Kh7 58. Qf7+ Kh8 59. Qf8+ Kh7 60.
Qf7+ Kh8 61. Qf6+ Kh7 62. Qf7+ Kh8 63. Qe8+ Kg7 64. Qe7+ Kh8 65. Qf6+ Kh7 66. Qe7+ Kh8 67. Qf6+ Kh7 68. g6+ Bxg6 69. axb6 h4 70. Qe7+ Kh8 71. Qg5 Be4 72. b7 1-0

[Event "*** Titled Tuesday Blitz"]
[Site "Chess.com"]
[Date "2018.08.07"]
[Round "10"]
[White "Cryptochess"]
[Black "eljanov"]
[Result "1/2-1/2"]
[WhiteElo "2517"]
[BlackElo "2669"]
[TimeControl "180+2"]
[EndTime "15:23:21 PDT"]
[Termination "Game drawn by repetition"]

1. e4 c6 2. d4 d5 3. Nc3 dxe4 4. Nxe4 Bf5 5. Ng3 Bg6 6. h4 h6 7. Nf3 e6 8. h5 Bh7 9. Bd3 Bb4+ 10. Bd2 Bxd2+ 11.
Qxd2 Bxd3 12. Qxd3 Nf6 13. O-O-O Nbd7 14. Ne5 Nxe5 15. dxe5 Qxd3 16. Rxd3 Ng4 17. Rb3 O-O-O 18. f4 Rd4 19. Rf3 Rhd8 20. c3 Rd2 21. Rg1 f5 22.
exf6 Nxf6 23. Re3 Rf2 24. Ne2 Nxh5 25. g3 Rd6 26. Re5 Nf6 27. Nd4 Kd7 28. Rge1 b6 29. Nxe6 Rdd2 30. Nd4 Nd5 31. Rf5 Nf6 32. Rfe5 Rxb2 33.
Re7+ Kd6 34. R1e5 c5 35. R7e6+ Kc7 36. Re7+ Nd7 37. Rd5 cxd4 38. Rexd7+ Kc8 39. Rd8+ Kb7 40. R8d7+ Ka6 41. Rxd4 Rxa2 42. Kb1 Rfb2+ 43. Kc1 Rg2 44. Kb1 Raf2 45. Ra4+ Kb5 46. Rb4+ Kc6 47. Rd1 a5 48. Rc4+ Kb5 49. Re4 a4 50. Rb4+ Kc5 51. Rxa4 Rxg3 52.
Rad4 Rxc3 53. Rd5+ Kb4 54. Rd7 b5 55. Rxg7 Rb3+ 56.
Kc1 Rbb2 57. Rc7 h5 58. Rh1 Ra2 59. Kb1 Rfb2+ 60. Kc1 Rf2 61. Kb1 Rae2 62. Rh7 Ka4 63. R7xh5 b4 64. Rh8 Rb2+ 65. Ka1 Ra2+ 66. Kb1 Rfb2+ 67.
Kc1 Kb5 68. Rb8+ Kc4 69. Rc8+ Kd4 70. f5 b3 71. Rd8+ Ke5 72. Re1+ Kf6 73. Rd6+ Kxf5 74. Rd5+ Kf4 75. Rd4+ Kf3 76. Rd3+ Kf2 77. Re8 Rc2+ 78.
Kb1 Rcb2+ 79. Kc1 Rc2+ 80. Kb1 Rab2+ 81. Ka1 Ra2+ 82. Kb1 Rcb2+ 83. Kc1 1/2-1/2

[Event "*** Titled Tuesday Blitz"]
[Site "Chess.com"]
[Date "2018.08.07"]
[Round "10"]
[White "jk13"]
[Black "BlackBoarder"]
[Result "1-0"]
[WhiteElo "2542"]
[BlackElo "2376"]
[TimeControl "180+2"]
[EndTime "15:23:29 PDT"]
[Termination "jk13 won by resignation"]

1. e4 e6 2. d4 d5 3. Nd2 c5 4. exd5 Qxd5 5. Ngf3 cxd4 6. Bc4 Qd6 7. O-O Nf6 8. Nb3 Nc6 9. Nbxd4 Nxd4 10. Nxd4 a6 11. c3 Qc7 12. Bb3 Bd6 13. h3 Bd7 14. Qf3 O-O-O 15.
Bg5 Be5 16. Rad1 h6 17. Be3 Rhg8 18. Qe2 g5 19. Qc4 Qxc4 20. Bxc4 b5 21. Be2 Nd5 22. Bc1 Kc7 23. Bf3 Bc8 24. Rfe1 Bf6 25. Nb3 Bb7 26.
Nc5 Bc8 27. g3 Kb6 28. Bxd5 Rxd5 29. Be3 Kc6 30. Rxd5 Kxd5 31. Rd1+ Kc6 32. Nb3 Rd8 33. Rc1 Kd5 34. Kg2 Kc6 35. Kf3 Bb7 36. Na5+ Kc7+ 37.
Nxb7 Kxb7 38. g4 Kc6 39. Ke2 h5 40. b3 hxg4 41. hxg4 Rh8 42. c4 bxc4 43. Rxc4+ Kb7 44. Rb4+ Kc7 45. Ra4 Kb7 46. Ra5 e5 47. Kf3 Rh4 48. Rd5 Kc6 49. Ra5 Kb7 50. Ke4 Bd8 51. Rd5 Kc8 52. Kf5 f6 53. Rd6 a5 54. Rd5 Rh1 55. a4 Rb1 56. Rb5 Rb2 57. Ke6 Rb1 58. Kd6 Rd1+ 59. Ke6 Rb1 60. Bc5 Rc1 61. Bd6 Bc7 62.
Rc5 Rxc5 63. Bxc5 Bd8 64. f3 Kc7 65. Be7 Bxe7 66. Kxe7 f5 67. gxf5 e4 68. fxe4 g4 69.
f6 g3 70. f7 g2 71. f8=Q g1=Q 72. Qd8+ Kc6 73. Qd5+ Kb6 74. Qb5+ Kc7 75. Qxa5+ Kc6 76. Qa6+ Kc7 77. Qc4+ Kb7 78. Qd5+ Kc7 79. Qd6+ Kb7 80. e5 Qg5+ 81. Ke8 Qg8+ 82. Qf8 Qxb3 83. Qf7+ Qxf7+ 84. Kxf7 Ka6 85. e6 Ka5 86. e7 Kxa4 87. e8=Q+ 1-0

[Event "*** Titled Tuesday Blitz"]
[Site "Chess.com"]
[Date "2018.08.07"]
[Round "10"]
[White "Morshynska"]
[Black "2Tilted"]
[Result "0-1"]
[WhiteElo "2107"]
[BlackElo "2320"]
[TimeControl "180+2"]
[EndTime "15:23:29 PDT"]
[Termination "2Tilted won on time"]

1. d4 Nf6 2. c4 e6 3. Nf3 Bb4+ 4. Bd2 a5 5. g3 d6 6. Bg2 O-O 7. O-O Bxd2 8. Qxd2 Qe7 9. Nc3 e5 10. e4 exd4 11.
Nxd4 Nbd7 12. b3 Nc5 13. Rfe1 Re8 14. f4 Qd8 15. h3 c6 16. Rad1 Qb6 17. Kh2 a4 18. Rb1 axb3 19. axb3 Be6 20. Nxe6 Nxe6 21. f5 Nd4 22. Red1 c5 23. Qf4 Ra3 24. Nd5 Nxd5 25. exd5 Rxb3 26. Re1 Rd8 27. Ra1 Nc2 28. f6 Nxe1 29.
Qg5 Kf8 30. Qxg7+ Ke8 31. Rxe1+ Kd7 32. Qxf7+ Kc8 33. Qe7 Qc7 34. Qe6+ Qd7 35. f7 Rb2 36. Qe8 Rf2 37. Qe6 Rxf7 38. h4 Qxe6 39. dxe6 Re7 40.
Bd5 Rf8 41. Kg2 Kc7 42. Rb1 Rb8 43. g4 b6 44. g5 Kd8 45. Ra1 Ke8 46. Kg3 Kf8 47.
h5 Kg7 48. Kg4 b5 49. cxb5 Rxb5 50. Ra8 Rb4+ 51. Kf5 h6 52. g6 Rd4 53. Ba2 Rh4 54.
Rd8 Rxh5+ 55. Kf4 Kxg6 56. Rxd6 Kf6 57. Rc6 Rf5+ 58. Kg4 h5+ 59. Kh3 Re5 60. Rc8 Ra7 61. Bc4 Ra3+ 62. Kh2 h4 63. Rf8+ Kg6 64. Rg8+ Kf6 65.
Rf8+ Kg5 66. Rg8+ Kf4 67. Rg7 Rc3 68. Bb5 Rxe6 69. Rf7+ Kg5 70. Rg7+ Kf6 71. Rh7 Ree3 0-1

[Event "*** Titled Tuesday Blitz"]
[Site "Chess.com"]
[Date "2018.08.07"]
[Round "10"]
[White "Alexander_Moskalenko"]
[Black "Firouzja2003"]
[Result "1-0"]
[WhiteElo "2858"]
[BlackElo "2834"]
[TimeControl "180+2"]
[EndTime "15:23:38 PDT"]
[Termination "Alexander_Moskalenko won on time"]

1. Nf3 Nf6 2. g3 g6 3. Bg2 Bg7 4. c4 O-O 5. d4 d6 6. Nc3 Nbd7 7.
O-O e5 8. e4 Re8 9. Re1 exd4 10. Nxd4 a6 11. b3 Rb8 12. Bb2 Ne5 13. h3 c5 14. Nf3 Nxf3+ 15. Qxf3 b5 16. Qd3 Nd7 17. Qe2 bxc4 18. Qxc4 Ne5 19. Qe2 Nc6 20. Qd2 Nd4 21. Ne2 Nxe2+ 22. Rxe2 Bxb2 23. Qxb2 c4 24. Qc3 cxb3 25.
axb3 Qb6 26. Rd2 Be6 27. Rd3 Rec8 28. Qd2 Rd8 29. Kh2 h5 30. f4 Qc5 31. f5 gxf5 32.
Ra5 Qb4 33. Qg5+ Kf8 34. Ra4 Qb5 35. Re3 fxe4 36. Qh6+ Ke7 37. Raxe4 Kd7 38. Rxe6 fxe6 39. Qxe6+ Kc7 40. Rc3+ Kb6 41. Qe3+ Ka5 42. b4+ Qxb4 43. Ra3+ Kb5 44. Rb3 a5 45. Qd3+ Kb6 46. Qd5 Ka6 47. Rxb4 axb4 48. Qc6+ Ka5 49. Bf1 b3 50. Qd5+ Ka4 51.
Bd3 Rdc8 52. h4 b2 53. Qxd6 Kb3 54. Qg6 Kc3 55. Bf5 Rc5 56. Qf6+ Kb3 57. Qe6+ Kb4 58.
Bh7 Rbb5 59. Kh3 Ka5 60. Bb1 Rc1 61. Qg6 Rbc5 62. Qh7 Kb4 63. Qb7+ Kc3 64. Qh7 Kb4 65. Be4 Re1 66. Bg6 Kc3 67. Qg7+ Ree5 68. Qf6 Rb5 69. Qf3+ Kb4 70. Qf4+ Ka5 71. Bh7 Rbc5 72. Qd4 Rb5 73. Qc3+ Kb6 74. Bd3 Rec5 75. Qd4 Rb3 76. Qd6+ Rc6 77.
Qb8+ 1-0

[Event "*** Titled Tuesday Blitz"]
[Site "Chess.com"]
[Date "2018.08.07"]
[Round "10"]
[White "chenrip"]
[Black "MarshKnight"]
[Result "0-1"]
[WhiteElo "2395"]
[BlackElo "2105"]
[TimeControl "180+2"]
[EndTime "15:25:15 PDT"]
[Termination "MarshKnight won by resignation"]

1. e4 e6 2. d4 d5 3. Nc3 Nc6 4. e5 f6 5. f4 fxe5 6. dxe5 Bc5 7. Nf3 a6 8. Qe2 Nge7 9. Bd2 O-O 10. O-O-O Nf5 11.
g4 Nfd4 12. Nxd4 Nxd4 13. Qg2 b5 14. Bd3 b4 15. Na4 Ba7 16. Qh3 g6 17. Qh6 Qe7 18.
h4 Qg7 19. Qxg7+ Kxg7 20. h5 Bd7 21. b3 Bxa4 22. bxa4 c5 23. hxg6 hxg6 24. f5 exf5 25. Bh6+ Kf7 26. Bxf8 Rxf8 27. Rh7+ Ke6 28. Rxa7 Kxe5 29.
gxf5 gxf5 30. Re7+ Kd6 31. Ra7 f4 32. Re1 c4 33. Rxa6+ Kc5 34. Bf1 f3 35. Re7 Nf5 36. Re1 f2 37. Rd1 Ne3 38. Ra5+ Kc6 39. Ra6+ Kc5 40. Re6 Nxd1 41. Kxd1 Ra8 42. Rf6 Rxa4 43. Rxf2 Rxa2 44. Rf8 b3 45. cxb3 cxb3 46. Rb8 Ra1+ 47. Ke2 Kc4 48. Rc8+ Kb4 49. Bg2 b2 50. Bxd5 b1=Q 51.
Rb8+ Kc3 52. Rxb1 Rxb1 53. Ke3 Re1+ 54. Kf4 Kd4 55. Bf3 Rf1 56. Kg3 Ke3 57. Bb7 Rg1+ 58. Kh4 Kf4 59. Kh5 Rg7 60. Bc8 Rg8 61. Be6 Rd8 62.
Kg6 Ke5 63. Bf7 Rd1 64. Kg7 Rg1+ 65. Bg6 Ke6 66. Kh7 Kf6 67. Bd3 Kf7 68. Bc4+ Kf8 69. Kh6 Ke7 70. Kh7 Kf6 71. Kh8 Kg6 72. Bd3+ Kh6 73.
Bc4 Rc1 74. Bg8 Rc7 75. Be6 Kg6 76. Bg8 Rc5 77. Bb3 Rh5+ 78. Kg8 Rb5 79. Bc2+ Kf6 80.
Bd3 Rg5+ 81. Kh7 Rg7+ 82. Kh8 Rd7 83. Bc2 Kg5 84. Be4 Kh6 85. Kg8 Ra7 86. Kf8 Kg5 87. Kg8 Kf6 88. Kh8 Ra4 89. Bd5 Ra5 90. Be4 Rh5+ 91.
Bh7 Re5 92. Bc2 Kf7 93. Bb3+ Kf8 94. Kh7 Rg5 95. Kh6 Rg3 96. Bd5 Ke7 97. Kh7 Kf6 98. Kh8 Kg6 99. Be4+ Kh6 100. Bd5 Rg7 101. Be6 Kg6 102. Bb3 Rb7 103. Bg8 Ra7 104. Bd5 Ra5 105. Bg8 Rh5+ 106. Bh7+ Rxh7+ 107. Kg8 Ra7 0-1